 Dungeon Crawl Stone Soup version 0.29-a0-474-gdfe5cd1 (webtiles) character file.

Game seed: 6077065551977113086

25 Toastz the Skirmisher (level 3, -1/30 HPs)
             Began as a Formicid Abyssal Knight on May 23, 2022.
             Was a Believer of Lugonu.
             Succumbed to an adder's poison
             ... on level 2 of the Dungeon.
             The game lasted 00:01:39 (1526 turns).

Toastz the Skirmisher (Formicid Abyssal Knight)     Turns: 1526, Time: 00:01:40

Health: -1/30      AC:  3    Str: 19    XL:     3   Next: 17%
Magic:  4/4        EV: 11    Int:  9    God:    Lugonu [**....]
Gold:   68         SH:  0    Dex: 11    Spells: 2/2 levels left

rFire   . . .      SeeInvis +   a - +1 spear
rCold   . . .      Faith    .   (no shield)
rNeg    . . .      Spirit   .   b - +0 leather armour
rPois   .          Reflect  .   (helmet unavailable)
rElec   .          Harm     .   (no cloak)
rCorr   .          Rampage  .   (no gloves)
Will    .....                   (no boots)
Stlth   +.........              (no amulet)
HPRegen 0.10/turn               (no ring)
MPRegen 0.09/turn               (no ring)

@: lethally poisoned (-1 -> -12)
A: permanent stasis, dig shafts and tunnels, antennae 3, four strong arms, low
MP 1, evolution 1
a: Dig, Shaft Self, Renounce Religion, Depart the Abyss, Bend Space


You were on level 2 of the Dungeon.
You worshipped Lugonu.
Lugonu was pleased with you.
You visited 1 branch of the dungeon, and saw 2 of its levels.
You visited the Abyss 1 time.

You collected 68 gold pieces.

Inventory:

Hand Weapons
 a - a +1 spear (weapon)
 i - a +0 hunting sling
Missiles
 g - 9 stones
 h - 3 silver boomerangs (quivered)
Armour
 b - a +0 leather armour (worn)
Scrolls
 d - 2 scrolls of fog {unknown}
 f - 2 scrolls of identify {unknown}
 k - a scroll of poison {unknown}
 l - a scroll of vulnerability {unknown}
Potions
 c - a potion of mutation
 e - a potion of heal wounds {unknown}
 j - a potion of flight {unknown}
 m - a potion of brilliance {unknown}


   Skills:
 + Level 3.7 Fighting
 * Level 3.0 Polearms
 - Level 2.1 Armour
 - Level 0.8 Dodging
 - Level 2.1 Invocations


You had 2 spell levels left.
You didn't know any spells.
Your spell library contained the following spells:

 Spells                   Type           Power      Damage    Failure   Level
 Summon Small Mammal      Summ           0%         N/A       43%         1
 Call Canine Familiar     Summ           0%         N/A       82%         3
 Summon Guardian Golem    Hex/Summ       0%         N/A       82%         3


Dungeon Overview and Level Annotations

Branches:
Dungeon (2/15)

Altars:


Innate Abilities, Weirdness & Mutations

You cannot be hasted, slowed, berserked, paralysed or teleported.
You can dig through walls and to a lower floor.
You have a pair of large antennae on your head. (SInv)
Your four strong arms can wield two-handed weapons with a shield.
Your magical capacity is low. (-10% MP)
You have hidden genetic potential.


Message History

You are more poisoned.
The adder poisons you!
You miss the adder.
The adder is moderately wounded.
You feel sick. The adder misses you.
You hit the adder.
The adder is heavily wounded.
You feel sick. The adder closely misses you.
You closely miss the adder.
The adder is heavily wounded.
You feel sick. The adder misses you.
You miss the adder.
The adder is heavily wounded.
You feel sick. The adder bites you.
You are lethally poisoned!
The adder poisons you! The adder closely misses you.
You hit the adder.
The adder is almost dead.
* * * LOW HITPOINT WARNING * * *
You feel sick. The adder bites you.
* * * LOW HITPOINT WARNING * * *
You are more poisoned.
The adder poisons you!
You hit the adder.
You kill the adder!
Lugonu accepts your kill.
* * * LOW HITPOINT WARNING * * *
You feel very sick.
Your Polearms skill increases to level 3!
You have reached level 3!
Your experience leads to an increase in your attributes!
Increase (S)trength, (I)ntelligence, or (D)exterity?
You feel stronger. x2
There is a lethal amount of poison in your body!
It was a potion of mutation.
You feel extremely strange.
You feel less energetic.
You lose the ability to read scrolls when threatened.
You can once more read scrolls while threatened.
You feel a hidden potential growing inside you.
You die...

##### .... ...
#########.#####
...............
......†@..#
...#####..#
###†.## #.....#
###.#.###
#.#'#+####
#........#
#........#
#........#


There were no monsters in sight!

Vanquished Creatures
  An adder (D:2)
  An endoplasm (D:2)
  A goblin (D:1)
  A hobgoblin (D:1)
  3 jackals (D:1)
  2 kobolds (D:1)
  2 quokkas
  A frilled lizard (D:1)
  2 rats (D:1)
14 creatures vanquished.

Vanquished Creatures (others)
  A demonic plant (D:1)
  A withered plant (D:1)
2 creatures vanquished.

Grand Total: 16 creatures vanquished

Notes
Turn   | Place    | Note
-------+----------+-------------------------------------------
     0 | Abyss:1  | Toastz the Formicid Abyssal Knight began the quest for the
                  | Orb.
     0 | Abyss:1  | Reached XP level 1. HP: 18/18 MP: 2/2
    38 | Abyss:1  | Noticed an orange demon
    38 | Abyss:1  | Noticed a worldbinder
    39 | Abyss:1  | Noticed a small abomination
    40 | Abyss:1  | Noticed a deep elf knight
    40 | Abyss:1  | Noticed a deep elf pyromancer
    40 | D:1      | Escaped the Abyss
   321 | D:1      | Reached ** piety under Lugonu
   745 | D:1      | Reached XP level 2. HP: 24/24 MP: 3/3
   942 | D:1      | Found a faded altar of an unknown god.
  1525 | D:2      | HP: 1/24 [poisoned by an adder]
  1526 | D:2      | Reached XP level 3. HP: 1/30 MP: 4/4
  1526 | D:2      | Gained mutation: Your magical capacity is low. (-10% MP)
                  | [potion of mutation]
  1526 | D:2      | Gained mutation: You sometimes lose the ability to read
                  | scrolls when taking damage. [potion of mutation]
  1526 | D:2      | Lost mutation: You sometimes lose the ability to read
                  | scrolls when taking damage. [potion of mutation]
  1526 | D:2      | Gained mutation: You have hidden genetic potential. [potion
                  | of mutation]
  1526 | D:2      | Succumbed to an adder's poison

Illustrated notes

Levels and vault maps discovered:
D:1:      dpeg_arrival_rhombus, layout_basic, shapermc_ecumenical_altar_gd,
          minmay_misc_feat_nine_boxes
D:2:      layout_basic, serial_bayou_lagoon_a, guppyfry_early_lair_pool

Skill      XL: |  1  2 |
---------------+-------+-----
Polearms       | 3 |  3.0
Fighting       | |  3.7
Armour         | |  2.1
Dodging        | |  0.8
Invocations    | |  2.1

Action                   || total
-------------------------++-------
Melee: Spear             ||    68
Invok: Depart the Abyss  ||     1
  Use: Potion            ||     1
Armor: Leather armour    ||    15
Dodge: Dodged            ||    32

Table legend: (Time is in decaauts)
 A = Elapsed time spent in this place.
 B = Non-inter-level travel time spent in this place.
 C = Inter-level travel time spent in this place.
 D = Time resting spent in this place.
 E = Time spent auto-exploring this place.
 F = Levels seen in this place.
 G = Mean time per level.
                   A        B        C        D        E       F      G
               +--------+--------+--------+--------+--------+-----+--------+
         Total |   1523 |   1450 |     73 |    223 |   1043 |   3 |  507.7 |
       Dungeon |   1483 |   1410 |     73 |    223 |   1043 |   2 |  741.5 |
         Abyss |     40 |     40 |      0 |      0 |      0 |   1 |   40.0 |
               +--------+--------+--------+--------+--------+-----+--------+

Top non-repeatable levels by time:
     D:1: 1366 daAuts
     D:2: 117 daAuts
 Abyss:1: 40 daAuts
